 Dungeon Crawl Stone Soup version 0.21.1-1-g345015fe64 (webtiles) character file.

60 FreshCat the Skirmisher (level 4, 40/40 HPs)
             Began as a Hill Orc Fighter on Apr 19, 2018.
             Was a Follower of Kikubaaqudgha.
             Quit the game on level 2 of the Dungeon.
             The game lasted 00:08:22 (1231 turns).

FreshCat the Skirmisher (Hill Orc Fighter)          Turns: 1231, Time: 00:08:22

Health: 40/40      AC:  7    Str: 19    XL:     4   Next: 6%
Magic:  4/4        EV:  7    Int:  8    God:    Kikubaaqudgha [*.....]
Gold:   126        SH: 11    Dex: 10    Spells: 3/3 levels left

rFire    . . .     SeeInvis .   a - +2 war axe
rCold    . . .     Gourm    .   c - +0 shield
rNeg     . . .     Faith    .   b - +0 scale mail
rPois    .         Spirit   .   (no helmet)
rElec    .         Reflect  +   (no cloak)
rCorr    .         Harm     .   (no gloves)
MR       .....                  (no boots)
Stlth    ..........             j - +2 amulet of reflection
HPRegen  0.13/turn              (no ring)
MPRegen  0.09/turn              (no ring)

@: no status effects
A: no striking features
a: Receive Corpses, Renounce Religion


You were on level 2 of the Dungeon.
You worshipped Kikubaaqudgha.
Kikubaaqudgha was aware of your devotion.
You were not hungry.

You visited 1 branch of the dungeon, and saw 3 of its levels.

You collected 126 gold pieces.

Inventory:

Hand Weapons
 a - a +2 war axe (weapon)
Missiles
 e - 120 stones (quivered)
 l - 2 silver javelins
Armour
 b - a +0 scale mail (worn)
 c - a +0 shield (worn)
Jewellery
 j - a +2 amulet of reflection (around neck)
Scrolls
 i - a scroll of enchant armour {unknown}
Potions
 d - a potion of might
 g - a potion of berserk rage {unknown}
 k - a potion of lignification
 m - a potion of cancellation {unknown}
 n - a potion of ambrosia {unknown}
Books
 o - Kikubaaqudgha's Guide on Unholy Secrets
   (Kikubaaqudgha gifted it to you on level 2 of the Dungeon)

   Spells                             Type                      Level
   a - Animate Skeleton               Necromancy                   1
   b - Pain                           Necromancy                   1
   c - Sublimation of Blood           Necromancy                   2
   d - Vampiric Draining              Necromancy                   3
Comestibles
 f - 5 rations
 h - 4 chunks of flesh


   Skills:
 + Level 4.1 Fighting
 + Level 3.6 Axes
 + Level 3.9 Armour
 + Level 3.9 Shields


You had 3 spell levels left.
You didn't know any spells.

Dungeon Overview and Level Annotations

Branches:
Dungeon (3/15)

Altars:
Ashenzari
Kikubaaqudgha
Makhleb


Message History

You see here a goblin corpse.
You butcher the goblin corpse.
h - 4 chunks of flesh (gained 2) As you open the door, it creaks loudly!
There is an open door here.
Found a burning altar of Makhleb and a faded altar of an unknown god.
Found a shattered altar of Ashenzari.
There is a faded altar of an unknown god here.
You cannot tell which god this altar belongs to.
Convert to them anyway?
Okay, then.
You cannot tell which god this altar belongs to.
Convert to them anyway?
Kikubaaqudgha accepts your prayer! Kikubaaqudgha welcomes you!
You can now receive cadavers from Kikubaaqudgha.
You see here Kikubaaqudgha's Guide on Unholy Secrets.
Kikubaaqudgha grants you a gift! o - Kikubaaqudgha's Guide on Unholy Secrets
There is an ancient bone altar of Kikubaaqudgha here.
Okay, then.
Are you sure you want to abandon this character and quit the game? (Confirm with "yes".)

..##.############.#
#.# .>..........
#.# #.#
.#.#########
#.###.## .#.##
#......# ....#
#.####'# ....#
######.##### ....#
##.........## ...)#
###..#######..###
....# #_@.## ##.._#
....# ###..# #..###
....####
#########.... ...##
.......#
.......<####...###
......[# #######..#
#_# .......#
#.......# #
#.#....# #.#..####
#.#....# #.#...
#.#....# # #.###


There were no monsters in sight!

Vanquished Creatures
  An adder (D:2)
  3 dart slugs
  A leopard gecko (D:2)
  5 bats
  7 goblins
  6 hobgoblins
  4 jackals (D:1)
  7 kobolds
  A quokka (D:3)
  A frilled lizard (D:1)
  5 rats
41 creatures vanquished.

Notes
Turn   | Place    | Note
-------+----------+-------------------------------------------
     0 | D:1      | FreshCat the Hill Orc Fighter began the quest for the Orb.
     0 | D:1      | Reached XP level 1. HP: 19/19 MP: 1/1
    84 | D:1      | Reached XP level 2. HP: 26/27 MP: 2/2
   320 | D:1      | Reached skill level 4 in Fighting
   400 | D:1      | Reached XP level 3. HP: 33/33 MP: 3/3
  1084 | D:2      | Reached XP level 4. HP: 40/40 MP: 4/4
  1204 | D:2      | Found a burning altar of Makhleb.
  1204 | D:2      | Found a faded altar of an unknown god.
  1209 | D:2      | Found a shattered altar of Ashenzari.
  1226 | D:2      | Became a worshipper of Kikubaaqudgha
  1226 | D:2      | Reached * piety under Kikubaaqudgha
  1226 | D:2      | Identified Kikubaaqudgha's Guide on Unholy Secrets (Kikubaaqudgha gifted it to you on level 2 of the Dungeon)
  1226 | D:2      | Received a gift from Kikubaaqudgha
  1231 | D:2      | Quit the game

Skill      XL: |  1  2 |
---------------+-------+-----
Fighting       | 4 |  4.1
Axes           | 3 |  3.6
Armour         | |  3.9
Shields        | |  3.9

Action                   |  1- 3 |  4- 6 || total
-------------------------+-------+-------++-------
Melee: War axe           |   104 |    10 ||   114
Throw: Stone             |     4 |     4 ||     8
  Use: Scroll            |     4 |     2 ||     6
  Eat: Chunk             |     1 |       ||     1
Armor: Scale mail        |    43 |     3 ||    46
Dodge: Dodged            |    33 |     3 ||    36
Block: Shield            |    57 |     7 ||    64
